[Event "Early-Titled-Tuesday-Blitz-September-26-2023"]
[Site "Chess.com"]
[Date "2023.09.26"]
[Round "2"]
[White "KatakuriDono"]
[Black "sonicdravise"]
[Result "0-1"]
[WhiteElo "2330"]
[BlackElo "2675"]
[TimeControl "180+1"]
[EndTime "8:16:35 PDT"]
[Termination "sonicdravise won by resignation"]

1. d4 g6 2. c4 Bg7 3. Nc3 d6 4. e4 e5 5. d5 a5 6. Nge2 Na6 7. Ng3 Ne7 8. Be2 Nc5 9. h4 h5 10. Bg5 f6 11. Be3 b6 12. Qd2 f5 13. Bg5 f4 14. Nf1 Ba6 15. g3 Qd7 16. gxf4 exf4 17. f3 O-O-O 18. Bxf4 Rhf8 19. Bg5 Rde8 20. O-O-O Na4 21.
Nxa4 Qxa4 22. Kb1 Bxc4 23. Bxc4 Qxc4 24. Ne3 Qb5 25. Rc1 Rxf3 26. Nc4 Kb7 27. e5 Nxd5 28.
exd6 Nc3+ 29. Ka1 Qxc4 30. bxc3 Rxc3 31. Qg2+ Rf3+ 32. Kb1 Qb4+ 0-1

[Event "Early-Titled-Tuesday-Blitz-September-26-2023"]
[Site "Chess.com"]
[Date "2023.09.26"]
[Round "2"]
[White "emeli_chess"]
[Black "attack2mateU"]
[Result "0-1"]
[WhiteElo "2374"]
[BlackElo "2740"]
[TimeControl "180+1"]
[EndTime "8:16:35 PDT"]
[Termination "attack2mateU won by resignation"]

1. d4 Nf6 2. c4 g6 3. Nc3 d5 4. cxd5 Nxd5 5. e4 Nxc3 6. bxc3 Bg7 7. Bc4 c5 8. Ne2 Nc6 9. Be3 O-O 10. h4 cxd4 11.
cxd4 Qa5+ 12. Kf1 Qa3 13. Qc1 Qxc1+ 14. Rxc1 Rd8 15. Rd1 Bd7 16. f3 Rac8 17. Bb3 Na5 18. Kf2 Nxb3 19. axb3 e6 20. Bg5 Re8 21. Rc1 Bb5 22.
Be3 Red8 23. Rxc8 Rxc8 24. Rc1 Rxc1 25. Nxc1 a6 26. g4 f5 27. e5 Kf7 28. Bd2 h5 29. g5 Bf8 30. Ke3 Ke8 31. Nd3 Bxd3 32. Kxd3 Kd7 33.
Kc4 b5+ 34. Kd3 Kc6 35. Bc3 Kd5 36. Ba5 Be7 37. Bb6 Bb4 38. Bc7 Be1 0-1

[Event "Early-Titled-Tuesday-Blitz-September-26-2023"]
[Site "Chess.com"]
[Date "2023.09.26"]
[Round "2"]
[White "cristiano78"]
[Black "GaalZsoka"]
[Result "1-0"]
[WhiteElo "2236"]
[BlackElo "2453"]
[TimeControl "180+1"]
[EndTime "8:16:38 PDT"]
[Termination "cristiano78 won by resignation"]

1. d4 Nf6 2. c4 c5 3. d5 e6 4. Nc3 exd5 5. cxd5 d6 6. Nf3 g6 7. h3 Bg7 8. e4 O-O 9. Bd3 Re8 10.
O-O Nfd7 11. a4 Na6 12. Nb5 Qe7 13. Bf4 Ne5 14. Nxe5 dxe5 15. Be3 Nb4 16. Rc1 b6 17. d6 Qd8 18. Nc7 Bd7 19. Nxa8 Qxa8 20. Bc4 Qxe4 21.
Bd2 Nc6 22. Bc3 Nd4 23. Re1 Qa8 24. Bxd4 cxd4 25. Qb3 Rf8 26. Bd5 Qd8 27. Rc7 Kh8 28. Bxf7 Bf5 29. Qd5 e4 30. g4 Qg5 31. Rxe4 Qc1+ 32.
Rxc1 Bxe4 33. Qxe4 Rxf7 34. Rc8+ 1-0

[Event "Early-Titled-Tuesday-Blitz-September-26-2023"]
[Site "Chess.com"]
[Date "2023.09.26"]
[Round "2"]
[White "borocotoajua"]
[Black "nrvignesh"]
[Result "0-1"]
[WhiteElo "2605"]
[BlackElo "2860"]
[TimeControl "180+1"]
[EndTime "8:16:39 PDT"]
[Termination "nrvignesh won on time"]

1. d4 Nf6 2. Nf3 c5 3. d5 e6 4. c4 exd5 5. cxd5 d6 6. Nc3 g6 7. e4 Bg7 8. Be2 O-O 9. O-O a6 10. a4 Bg4 11. Nd2 Bxe2 12. Qxe2 Nbd7 13. Nc4 Qe7 14.
Bf4 Ne8 15. Bg3 h5 16. h3 Ne5 17. Nxe5 dxe5 18. d6 Qxd6 19. Rfd1 Qe6 20. Nd5 Rc8 21.
Rac1 Nf6 22. Bh4 Rfd8 23. Bxf6 Bxf6 24. Qe3 Be7 25. Rc2 c4 26. Rcd2 Bc5 27. Qg5 Kg7 28. Nc7 Qe7 29. Ne6+ Qxe6 30. Rxd8 Be7 0-1

[Event "Early-Titled-Tuesday-Blitz-September-26-2023"]
[Site "Chess.com"]
[Date "2023.09.26"]
[Round "2"]
[White "Aygehovit1992"]
[Black "Wizard_97"]
[Result "0-1"]
[WhiteElo "2711"]
[BlackElo "2553"]
[TimeControl "180+1"]
[EndTime "8:16:39 PDT"]
[Termination "Wizard_97 won on time"]

1. e4 c5 2. Nc3 Nc6 3. Bb5 Nd4 4. Nf3 g6 5. O-O Nxb5 6. Nxb5 d5 7. exd5 a6 8. Nc3 Nf6 9. d4 c4 10. Re1 Nxd5 11. Bg5 Be6 12. Qd2 b5 13. Ne4 h6 14.
Bh4 g5 15. Bg3 Bg7 16. Nc5 Bf5 17. h4 g4 18. Ne5 O-O 19. c3 e6 20. a4 Nb6 21.
Bf4 Qxh4 22. Bg3 Qg5 23. Qxg5 hxg5 24. Nc6 Bf6 25. Be5 Kg7 26. Bxf6+ Kxf6 27. Re5 Rfc8 28. axb5 axb5 29. Rxa8 Rxa8 30. Nb4 g3 31. fxg3 Ra1+ 32. Kh2 Rb1 0-1

[Event "Early-Titled-Tuesday-Blitz-September-26-2023"]
[Site "Chess.com"]
[Date "2023.09.26"]
[Round "2"]
[White "platy3"]
[Black "Russian_berezka"]
[Result "1-0"]
[WhiteElo "2882"]
[BlackElo "2609"]
[TimeControl "180+1"]
[EndTime "8:16:40 PDT"]
[Termination "platy3 won by resignation"]

1. e4 e5 2. Nf3 Nc6 3. Bc4 Bc5 4. c3 Nf6 5. d3 d6 6. O-O h6 7. Nbd2 O-O 8. h3 a5 9. Re1 Ne7 10. d4 exd4 11. cxd4 Ba7 12. Bf1 Ng6 13. b3 Rb8 14.
Bb2 b5 15. Rc1 c5 16. dxc5 Bxc5 17. e5 Nh5 18. a3 Bb7 19. Ne4 Bxe4 20. Rxe4 Qb6 21.
Rc2 Ng3 22. Rg4 Nxf1 23. Qxf1 dxe5 24. Nxe5 Nxe5 25. Bxe5 f6 26. Bxb8 Rxb8 27. a4 f5 28. Rf4 Qd6 29. Rxf5 Bd4 30. Rxb5 Rf8 31. Qc4+ Kh8 32.
Rd5 Qf4 33. Qxd4 1-0

[Event "Early-Titled-Tuesday-Blitz-September-26-2023"]
[Site "Chess.com"]
[Date "2023.09.26"]
[Round "2"]
[White "CSB7"]
[Black "MFatigue"]
[Result "1-0"]
[WhiteElo "2708"]
[BlackElo "2510"]
[TimeControl "180+1"]
[EndTime "8:16:42 PDT"]
[Termination "CSB7 won by resignation"]

1. e4 e6 2. d4 d5 3. Bd3 dxe4 4. Bxe4 Nf6 5. Bf3 c5 6. Ne2 Nc6 7. Be3 Nd5 8. Bxd5 Qxd5 9. Nbc3 Qxg2 10. Rg1 Qxh2 11.
Bf4 Qh3 12. Nb5 f6 13. Nc7+ Kf7 14. Nxa8 cxd4 15. Bg3 e5 16. c3 Be6 17. Nc7 Bc4 18.
b3 Bxe2 19. Qxe2 g5 20. O-O-O Ba3+ 21. Kb1 Qf5+ 22. Qc2 Qxc2+ 23. Kxc2 a6 24. Nd5 dxc3 25. Nxc3 Nd4+ 26. Rxd4 exd4 27. Ne2 Bc5 28. Kd3 h5 29. f3 h4 30. Bf2 Rd8 31. f4 Kg6 32. fxg5 fxg5 33.
Bxh4 Rd5 34. Nf4+ 1-0

[Event "Early-Titled-Tuesday-Blitz-September-26-2023"]
[Site "Chess.com"]
[Date "2023.09.26"]
[Round "2"]
[White "pirulillo"]
[Black "GoltsevDmitry2000"]
[Result "0-1"]
[WhiteElo "2361"]
[BlackElo "2615"]
[TimeControl "180+1"]
[EndTime "8:16:43 PDT"]
[Termination "GoltsevDmitry2000 won on time"]

1. e4 e6 2. d3 d5 3. Nd2 Bc5 4.
Ngf3 Nf6 5. e5 Nfd7 6. d4 Bb6 7. Bd3 c5 8. c3 Nc6 9. O-O cxd4 10. cxd4 Nxd4 11. Nxd4 Bxd4 12. Nf3 Bb6 13. b4 a6 14. Bb2 Nb8 15. Nd4 Nc6 16. Nxc6 bxc6 17. Qg4 g6 18.
h4 h5 19. Qg3 Qe7 20. a3 Bb7 21. Bc1 c5 22. Bg5 Qc7 23. bxc5 Bxc5 24. Rac1 Qb6 25.
Bf6 Rg8 26. Qg5 Kd7 27. Rb1 Qa7 28. Qh6 Rab8 29. Qh7 Rgf8 30. Bxg6 Ke8 31. Bxf7+ Rxf7 32. Qg8+ Bf8 33. Rfc1 Rc8 34. Qg5 Bc6 35. Qxh5 Bc5 36. Qg4 Bxf2+ 37. Kh2 Kd7 38. Rc2 Qe3 39. Bg5 Qxe5+ 40.
Kh1 Rcf8 41. Rbc1 Bg3 42. Qd1 Bb5 43. Rc7+ Qxc7 44. Rxc7+ Kxc7 45. Qc2+ Kb7 0-1

[Event "Early-Titled-Tuesday-Blitz-September-26-2023"]
[Site "Chess.com"]
[Date "2023.09.26"]
[Round "2"]
[White "MITerryble"]
[Black "Doomfist26"]
[Result "1-0"]
[WhiteElo "2940"]
[BlackElo "2617"]
[TimeControl "180+1"]
[EndTime "8:16:44 PDT"]
[Termination "MITerryble won by resignation"]

1. e4 c5 2. Nf3 d6 3. Bb5+ Nd7 4. d4 cxd4 5. Qxd4 Nf6 6. Bg5 e5 7. Qd3 a6 8. Bxd7+ Bxd7 9. Nc3 Be6 10. O-O-O Be7 11.
Bxf6 gxf6 12. Nd5 Bxd5 13. Qxd5 Qc7 14. Nh4 Rc8 15. Rd2 Rg8 16. g3 Qc6 17. Nf5 Qxd5 18.
Rxd5 Rc6 19. Rhd1 Kd7 20. a4 Rgc8 21. c3 Bf8 22. f3 Rc5 23. Kc2 Rxd5 24. Rxd5 Rc5 25.
Kd3 b5 26. axb5 axb5 27. b4 Rxd5+ 28. exd5 Be7 29. Nxe7 Kxe7 30. Ke4 Kf8 31. Kf5 Kg7 32. g4 h6 33. h3 Kg8 34. Kxf6 Kf8 35. h4 Kg8 36. Ke7 h5 37. g5 1-0

[Event "Early-Titled-Tuesday-Blitz-September-26-2023"]
[Site "Chess.com"]
[Date "2023.09.26"]
[Round "2"]
[White "C_K_G"]
[Black "crosky"]
[Result "0-1"]
[WhiteElo "1867"]
[BlackElo "2409"]
[TimeControl "180+1"]
[EndTime "8:16:44 PDT"]
[Termination "crosky won on time"]

1. e4 c6 2. Nf3 d5 3. Nc3 dxe4 4.
Nxe4 Nf6 5. Ng3 h5 6. h4 Bg4 7. Bc4 e6 8. c3 c5 9. d4 cxd4 10. cxd4 Bb4+ 11. Bd2 Bxf3 12. gxf3 Bxd2+ 13. Qxd2 Nc6 14.
O-O-O Qa5 15. Kb1 Qxd2 16. Rxd2 Rd8 17. Rhd1 Nb4 18. Ne4 Ke7 19. Ng5 Nbd5 20. Bb3 Rc8 21. Re2 Rhd8 22. Rde1 Nf4 23. Rd2 Ng2 24. Rh1 Rc7 25.
a3 Rcd7 26. Rg1 Nxh4 27. Re2 Rxd4 28. Rge1 R8d6 29. Ka2 Ng6 30. Nxe6 fxe6 31. Rxe6+ Rxe6 32. Rxe6+ Kd7 33. Re3 h4 34. Be6+ Kd6 35. Bh3 Nf4 36. Bf5 h3 37. Re1 Rd5 0-1

[Event "Early-Titled-Tuesday-Blitz-September-26-2023"]
[Site "Chess.com"]
[Date "2023.09.26"]
[Round "2"]
[White "rk12387"]
[Black "Arek_pacitan"]
[Result "0-1"]
[WhiteElo "2401"]
[BlackElo "2679"]
[TimeControl "180+1"]
[EndTime "8:16:45 PDT"]
[Termination "Arek_pacitan won by checkmate"]

1. e4 e5 2. Nc3 Nc6 3. Nf3 Nf6 4. Bb5 Bc5 5. O-O d6 6. d4 exd4 7. Nxd4 Bd7 8. Nf5 Bxf5 9. exf5 O-O 10. Bg5 h6 11.
Bh4 Nd4 12. Nd5 Nxb5 13. Nxf6+ gxf6 14. a4 Qd7 15. axb5 Qxf5 16. Ra4 Kh7 17. Qd2 Rg8 18. Rf4 Qg6 19. g3 f5 20. Qd3 Qe6 21. b4 Bb6 22. Rxf5 Rg6 23. Rf6 Qe8 24. Qf5 Kg7 25. Rxg6+ fxg6 26. Qf6+ Kg8 27. Rd1 Qf7 28. Rd3 g5 29.
Qxh6 gxh4 30. Qxh4 Qxf2+ 31. Kh1 Qg1# 0-1

[Event "Early-Titled-Tuesday-Blitz-September-26-2023"]
[Site "Chess.com"]
[Date "2023.09.26"]
[Round "2"]
[White "baki83"]
[Black "Good_Knight_Kiss"]
[Result "1-0"]
[WhiteElo "2823"]
[BlackElo "2391"]
[TimeControl "180+1"]
[EndTime "8:16:45 PDT"]
[Termination "baki83 won by checkmate"]

1. Nf3 Nf6 2. g3 g6 3. Bg2 Bg7 4. O-O d6 5. c4 O-O 6. Nc3 e5 7. d3 Nc6 8. Rb1 a5 9. a3 Bf5 10. h3 Re8 11. e4 Be6 12. Be3 h6 13. b3 Nd7 14. Qd2 Kh7 15. d4 exd4 16. Nxd4 Nxd4 17. Bxd4 Nc5 18. Bxg7 Kxg7 19. f4 f5 20. Qd4+ Kh7 21.
Rfe1 fxe4 22. Nxe4 Nxe4 23. Bxe4 c6 24. Kh2 d5 25. Bxg6+ Kxg6 26. Rxe6+ Rxe6 27. f5+ Kxf5 28. Rf1+ Kg6 29. Qg4+ Kh7 30. Rf7+ Kh8 31. Qg7# 1-0

[Event "Early-Titled-Tuesday-Blitz-September-26-2023"]
[Site "Chess.com"]
[Date "2023.09.26"]
[Round "2"]
[White "Road2GM3000"]
[Black "Sadykov_Ramil"]
[Result "1-0"]
[WhiteElo "2372"]
[BlackElo "2590"]
[TimeControl "180+1"]
[EndTime "8:16:45 PDT"]
[Termination "Road2GM3000 won by resignation"]

1. d4 d6 2. c4 e5 3. dxe5 dxe5 4.
Qc2 Bc5 5. Nc3 Nf6 6. Nf3 Nbd7 7.
Bg5 h6 8. Bh4 c6 9. e3 Qc7 10.
Be2 g5 11. Bg3 Nh5 12. O-O-O Nxg3 13. hxg3 g4 14. Nh4 Nf8 15. Nf5 Rg8 16. Rxh6 Ne6 17. Ne4 Be7 18. Ned6+ Kf8 19. c5 b6 20. b4 bxc5 21.
bxc5 Rb8 22. Nxc8 Rxc8 23. Nd6 Rd8 24. Qf5 Bxd6 25. Rxe6 Bxc5 26. Rxd8+ Qxd8 27. Rxc6 Ba3+ 28. Kc2 Qe7 29. Rc8+ Kg7 30. Qxg4+ 1-0

[Event "Early-Titled-Tuesday-Blitz-September-26-2023"]
[Site "Chess.com"]
[Date "2023.09.26"]
[Round "2"]
[White "Barbix1"]
[Black "Hilary46"]
[Result "0-1"]
[WhiteElo "2334"]
[BlackElo "2572"]
[TimeControl "180+1"]
[EndTime "8:16:45 PDT"]
[Termination "Hilary46 won on time"]

1. d4 d5 2. Nf3 Nf6 3. Bf4 c5 4. e3 Nc6 5. Nbd2 cxd4 6. exd4 Bf5 7. Bb5 e6 8. Ne5 Rc8 9. c4 dxc4 10. Qa4 Qxd4 11.
Nxc6 bxc6 12. Bxc6+ Nd7 13. Rd1 Bd3 14. Nxc4 Rxc6 15.
Qxc6 Qxc4 16. Qa8+ Ke7 17. Qf3 Qe4+ 18. Qxe4 Bxe4 19.
Bd6+ Kf6 20. Ke2 Bxg2 21. Rhg1 Bd5 22. Bxf8 Rxf8 23. Rg3 Ne5 24. Ra3 Rb8 0-1

[Event "Early-Titled-Tuesday-Blitz-September-26-2023"]
[Site "Chess.com"]
[Date "2023.09.26"]
[Round "2"]
[White "KorolDimitriy75"]
[Black "draksbg"]
[Result "1/2-1/2"]
[WhiteElo "2377"]
[BlackElo "2666"]
[TimeControl "180+1"]
[EndTime "8:16:49 PDT"]
[Termination "Game drawn by repetition"]

1. d4 Nf6 2. c4 g6 3. Nc3 d5 4. cxd5 Nxd5 5. e4 Nxc3 6. bxc3 Bg7 7. Nf3 c5 8. Rb1 O-O 9. Be2 b6 10. O-O Bb7 11. Qd3 Nd7 12. Qe3 e6 13. Ba3 Qc7 14. Rbc1 Rfd8 15. Rfd1 Nf6 16. Bd3 Rac8 17. h3 Qb8 18. Ne5 Qa8 19. f3 cxd4 20. cxd4 Nd7 21. Nc4 Ba6 22. Nd6 Rxc1 23. Rxc1 Bxd3 24. Qxd3 Qb8 25. e5 Bf8 26. Qc4 Qa8 27. Qc6 Qb8 28. Qc7 Qa8 29. Qc6 Qb8 30. Qc7 Qa8 31. Qc6 1/2-1/2

[Event "Early-Titled-Tuesday-Blitz-September-26-2023"]
[Site "Chess.com"]
[Date "2023.09.26"]
[Round "2"]
[White "Nemegejas"]
[Black "Aariow"]
[Result "0-1"]
[WhiteElo "2789"]
[BlackElo "2620"]
[TimeControl "180+1"]
[EndTime "8:16:51 PDT"]
[Termination "Aariow won by resignation"]

1. b3 d5 2. Bb2 c5 3. e3 a6 4. d4 cxd4 5. exd4 Nf6 6. Bd3 Bg4 7. Ne2 e6 8. c3 Bd6 9. Qc2 O-O 10. Ng3 Nc6 11. h3 Bf5 12. Nxf5 exf5 13. Bxf5 Re8+ 14. Kf1 Qa5 15. Nd2 g6 16. Bd3 Rac8 17. Qd1 Nh5 18. a3 Nf4 19. Nf3 Qb6 20. Bc2 Qb5+ 21. c4 dxc4 22. a4 Qd5 23. g3 Ne2 24. Kg2 c3 25. Bc1 Ncxd4 26. Qd3 Qxf3+ 27. Qxf3 Nxf3 28. Bd1 Nxc1 29. Bxf3 Nxb3 30. Bxb7 Nxa1 0-1

[Event "Early-Titled-Tuesday-Blitz-September-26-2023"]
[Site "Chess.com"]
[Date "2023.09.26"]
[Round "2"]
[White "Hasangatin_Ramil"]
[Black "JoliyRoger"]
[Result "1-0"]
[WhiteElo "2709"]
[BlackElo "2501"]
[TimeControl "180+1"]
[EndTime "8:16:52 PDT"]
[Termination "Hasangatin_Ramil won on time"]

1. e4 c6 2. d4 d5 3. Nd2 dxe4 4. Nxe4 Bf5 5. Ng3 Bg6 6. Bc4 e6 7. N1e2 Bd6 8. Nf4 Bxf4 9. Bxf4 Nf6 10. c3 O-O 11.
O-O Nbd7 12. Re1 Re8 13. Bb3 h6 14. Qe2 a5 15. a4 Qb6 16. Bc4 Nd5 17. Bc1 N7f6 18.
Ra3 Qc7 19. Qe5 Qd7 20. h3 b5 21. Bf1 b4 22. cxb4 Nxb4 23. Rc3 Nfd5 24. Rc5 Nc2 25. Rd1 Ncb4 26. Qe2 Nf6 27. Bf4 Kh7 28. Be5 Nfd5 29. Ne4 f6 30. Bh2 Na6 31. Rxa5 Qd8 32. Rxa6 Rxa6 33.
Nxf6+ Nxf6 34. Qxa6 Be4 35. Be5 Bd5 36. Bc4 Bxc4 37. Qxc4 1-0

[Event "Early-Titled-Tuesday-Blitz-September-26-2023"]
[Site "Chess.com"]
[Date "2023.09.26"]
[Round "2"]
[White "angryspacevoid"]
[Black "chesslh19"]
[Result "1-0"]
[WhiteElo "2528"]
[BlackElo "2325"]
[TimeControl "180+1"]
[EndTime "8:16:54 PDT"]
[Termination "angryspacevoid won on time"]

1. e4 e5 2. Bc4 Nf6 3. d3 c6 4.
Nf3 d5 5. exd5 cxd5 6. Bb5+ Bd7 7. Bxd7+ Nbxd7 8. O-O Bd6 9. Nc3 O-O 10. Bg5 h6 11. Bh4 Qa5 12. a3 Rfe8 13. Bg3 Bf8 14. Re1 d4 15.
Ne4 Nxe4 16. Rxe4 Rac8 17. Nh4 Nf6 18. Re1 Qa4 19. Bxe5 Nd7 20. b3 Qc6 21. Bxd4 Rxe1+ 22. Qxe1 Qxc2 23. Qe3 Qxb3 24. Nf5 Qe6 25. Qf3 Qc6 26. Qf4 g6 27. Nxh6+ 1-0

[Event "Early-Titled-Tuesday-Blitz-September-26-2023"]
[Site "Chess.com"]
[Date "2023.09.26"]
[Round "2"]
[White "ElenaPershina"]
[Black "noblerone"]
[Result "1-0"]
[WhiteElo "2312"]
[BlackElo "2495"]
[TimeControl "180+1"]
[EndTime "8:16:57 PDT"]
[Termination "ElenaPershina won by checkmate"]

1. c4 c6 2. g3 d5 3. Bg2 Nf6 4. Nf3 Bf5 5. cxd5 cxd5 6. O-O e6 7. Qb3 Qb6 8. Qxb6 axb6 9. d3 Nc6 10. Nc3 Bb4 11. Bd2 O-O 12. a3 Be7 13. Rfc1 Na5 14. Rc2 Nb3 15. Re1 Bg4 16. Ne5 Bh5 17. Bg5 Rfc8 18.
g4 Bg6 19. h4 h6 20. Nxg6 fxg6 21. Bxf6 gxf6 22. e3 Kf7 23. d4 Na5 24. f4 Nc4 25.
Kf2 f5 26. Nxd5 Nd6 27. Rxc8 Rxc8 28. Nxb6 Rc7 29. g5 h5 30. Re2 Rc1 31. Na4 b5 32.
Nc5 Nc4 33. Nd3 Rb1 34. d5 Bd6 35. dxe6+ Kxe6 36. e4 Bc7 37. exf5+ Kxf5 38. Bh3# 1-0

[Event "Early-Titled-Tuesday-Blitz-September-26-2023"]
[Site "Chess.com"]
[Date "2023.09.26"]
[Round "2"]
[White "IamSchrodingersCat"]
[Black "ApoIogiA"]
[Result "1-0"]
[WhiteElo "2509"]
[BlackElo "2294"]
[TimeControl "180+1"]
[EndTime "8:17:00 PDT"]
[Termination "IamSchrodingersCat won by resignation"]

1. e4 c5 2. Nf3 Nc6 3. d4 cxd4 4. Nxd4 e5 5. Nb5 d6 6. N1c3 Nf6 7. Bg5 a6 8. Na3 b5 9. Bxf6 gxf6 10. Nd5 Bg7 11.
Bd3 Ne7 12. Nxe7 Qxe7 13. c4 f5 14. O-O O-O 15. Re1 fxe4 16. Bxe4 Rb8 17. b3 f5 18. Bd5+ Kh8 19. Nc2 Qg5 20. Rb1 Rf6 21. Qc1 Qg6 22. f3 f4 23. Be4 Qg5 24. Nb4 Bh3 25. Qd2 Rg8 26. Bd5 Rg6 27. Re2 Rf8 28. Be4 Rh6 29. cxb5 axb5 30. a4 bxa4 31. bxa4 Bd7 32. g4 Rh3 33. a5 Bxg4 34. fxg4 f3 35. Qxg5 1-0

[Event "Early-Titled-Tuesday-Blitz-September-26-2023"]
[Site "Chess.com"]
[Date "2023.09.26"]
[Round "2"]
[White "ARMQUEEN"]
[Black "twofoxniel"]
[Result "0-1"]
[WhiteElo "2424"]
[BlackElo "2683"]
[TimeControl "180+1"]
[EndTime "8:17:02 PDT"]
[Termination "twofoxniel won by resignation"]

1. e4 d5 2. exd5 Nf6 3. d4 Bg4 4. f3 Bf5 5. c4 e6 6. dxe6 Nc6 7. Be3 Bb4+ 8. Nc3 Qe7 9. Qd2 O-O-O 10. Nge2 Bxe6 11.
Ng3 Rhe8 12. Kf2 Nxd4 13. Bd3 Nc6 14. Qe2 Ne5 15. Rhd1 Rxd3 16. Rxd3 Bxc4 17. Rad1 Nxd3+ 18. Rxd3 Bxd3 19. Qxd3 Kb8 20. Nce4 Nxe4+ 21. Nxe4 f5 22. Nc3 Bc5 23. Nd5 Bxe3+ 24. Nxe3 f4 25. Nc2 Rd8 26.
Qc3 Qh4+ 27. Ke2 Qxh2 28. Qxg7 Qg1 29. Ne1 a6 30. Qc3 Re8+ 31. Kd1 h5 32. Qd2 h4 33.
Qc3 Qf1 34. Qd2 b6 35. Qc3 Qe2+ 36. Kc1 Qxe1+ 0-1

[Event "Early-Titled-Tuesday-Blitz-September-26-2023"]
[Site "Chess.com"]
[Date "2023.09.26"]
[Round "2"]
[White "GMTalks_Youtube"]
[Black "Mackster23"]
[Result "1-0"]
[WhiteElo "2758"]
[BlackElo "2561"]
[TimeControl "180+1"]
[EndTime "8:17:04 PDT"]
[Termination "GMTalks_Youtube won by resignation"]

1. e4 c6 2. Nf3 d5 3. d3 dxe4 4. dxe4 Qxd1+ 5. Kxd1 Nf6 6. Nbd2 Bg4 7. Be2 Nbd7 8. Ne1 e5 9. Nd3 O-O-O 10. a4 Bxe2+ 11. Kxe2 Bd6 12. f3 Nc5 13. Nxc5 Bxc5 14. Nc4 Rhe8 15. c3 Re6 16. a5 a6 17. Bg5 h6 18. Bh4 g5 19.
Bg3 Nh5 20. Rad1 Nf4+ 21. Bxf4 gxf4 22. g4 h5 23. Rxd8+ Kxd8 24. g5 Be7 25. h4 f6 26.
g6 Bf8 27. Rg1 Bg7 28. Rd1+ Kc7 29. Rd3 Bf8 30. Kd1 Re7 31. Nd6 Rd7 32. Ne8+ Kd8 33. Rxd7+ Kxd7 34. g7 Bxg7 35. Nxg7 Ke7 36. Ke2 Kf7 37.
Nf5 Ke6 38. Kd3 1-0

[Event "Early-Titled-Tuesday-Blitz-September-26-2023"]
[Site "Chess.com"]
[Date "2023.09.26"]
[Round "2"]
[White "Hrant_ChessMood"]
[Black "MKlose11"]
[Result "1-0"]
[WhiteElo "2915"]
[BlackElo "2612"]
[TimeControl "180+1"]
[EndTime "8:17:05 PDT"]
[Termination "Hrant_ChessMood won by resignation"]

1. d4 Nf6 2. c4 c5 3. d5 b5 4. cxb5 a6 5. bxa6 Bxa6 6. Nc3 g6 7. e4 Bxf1 8. Kxf1 d6 9. Nf3 Bg7 10. g3 O-O 11. Kg2 Nbd7 12. Qe2 Qb6 13. a4 Rfb8 14. Nb5 Ne8 15. Bg5 Kf8 16. Nd2 Nc7 17. Nc4 Qb7 18.
Nxc7 Qxc7 19. Ra3 Rb4 20. b3 Rab8 21. Rb1 Ne5 22. Nxe5 Bxe5 23. Bd2 R4b7 24. a5 Rb5 25. Qc4 Qb7 26. a6 Qa7 27. Ra4 Kg7 28. b4 cxb4 29.
Rbxb4 Rc5 30. Qa2 Rcb5 31. Rxb5 Rxb5 32. Be3 Qa8 33. a7 e6 34. Qc4 Rb1 35. Qc6 Qd8 36. a8=Q Qf6 37. Qce8 g5 38. Qg8+ Kh6 39. Qaf8+ Kh5 1-0

[Event "Early-Titled-Tuesday-Blitz-September-26-2023"]
[Site "Chess.com"]
[Date "2023.09.26"]
[Round "2"]
[White "PavelChernomordik"]
[Black "Irina_Mikhaylova"]
[Result "1-0"]
[WhiteElo "2500"]
[BlackElo "2285"]
[TimeControl "180+1"]
[EndTime "8:17:06 PDT"]
[Termination "PavelChernomordik won by resignation"]

1. e4 c5 2. Nc3 Nc6 3. Bb5 Nd4 4. Bc4 e6 5. Nge2 Ne7 6. O-O Nec6 7. d3 Be7 8. a3 O-O 9. f4 Rb8 10. Ng3 b5 11.
Ba2 b4 12. Nce2 Qb6 13. Be3 b3 14. cxb3 Nxb3 15. Rb1 d5 16. f5 dxe4 17. dxe4 exf5 18. Nxf5 Bf6 19. Nc3 Bxf5 20. Rxf5 Ncd4 21. Nd5 Qd8 22. Rxf6 gxf6 23. Bh6 f5 24. Qh5 Kh8 25. Bxf8 Qxf8 26. exf5 f6 27. Re1 Re8 28. Rxe8 1-0

[Event "Early-Titled-Tuesday-Blitz-September-26-2023"]
[Site "Chess.com"]
[Date "2023.09.26"]
[Round "2"]
[White "jup1978"]
[Black "pankajfm"]
[Result "1-0"]
[WhiteElo "2423"]
[BlackElo "2096"]
[TimeControl "180+1"]
[EndTime "8:17:06 PDT"]
[Termination "jup1978 won by checkmate"]

1. d4 Nf6 2. Nf3 c5 3. g3 cxd4 4.
Nxd4 Nc6 5. Nxc6 bxc6 6. Bg2 g6 7. O-O Bg7 8. c4 O-O 9. Nc3 Qc7 10. Qc2 d6 11. b3 Bb7 12. Bb2 c5 13. Nd5 Nxd5 14.
Bxg7 Kxg7 15. cxd5 e5 16. dxe6 Bxg2 17. Qc3+ Kh6 18.
Qe3+ Kg7 19. Kxg2 Rae8 20. Qc3+ f6 21. Qc4 Qe7 22. Rad1 Qxe6 23. Qxe6 Rxe6 24. e3 Rb8 25. Rd5 Rb6 26. Rfd1 Kf7 27. R1d2 Ke7 28. Kf3 Re5 29. R5d3 Ke6 30. Kg2 Ra6 31. f4 Rh5 32. g4 Rh6 33. Kg3 f5 34. g5 Rh5 35. h4 h6 36. Rc3 hxg5 37. fxg5 Rb6 38. Rc4 a5 39. e4 Rc6 40.
exf5+ Kxf5 41. Re2 Rxg5+ 42. hxg5 Kxg5 43. Rg4+ Kh5 44. Rh2# 1-0

[Event "Early-Titled-Tuesday-Blitz-September-26-2023"]
[Site "Chess.com"]
[Date "2023.09.26"]
[Round "2"]
[White "melissa_guez"]
[Black "Balla_Tamas"]
[Result "0-1"]
[WhiteElo "2072"]
[BlackElo "2417"]
[TimeControl "180+1"]
[EndTime "8:17:07 PDT"]
[Termination "Balla_Tamas won by resignation"]

1. e4 c5 2. Nf3 Nc6 3. d4 cxd4 4. Nxd4 e5 5. Nb5 d6 6. c4 Be7 7. N1c3 a6 8. Na3 f5 9. exf5 Bxf5 10. Bd3 Be6 11. O-O Nf6 12. f4 O-O 13. f5 Bf7 14. g4 d5 15. g5 Bh5 16. Be2 Bxe2 17. Qxe2 Ne4 18. Nxd5 Nxg5 19. Nxe7+ Qxe7 20. Qg4 h6 21. h4 Nh7 22. Bxh6 Kh8 23. Bg5 Qc5+ 24. Kh1 Rae8 25. Rg1 Rf7 26. Qh5 Ref8 27. Raf1 Nd4 28. Qg6 Nxf5 29. h5 Ng3+ 30. Rxg3 Rxf1+ 31. Kh2 Qf2+ 32. Rg2 Qf5 33. Qxf5 R8xf5 34. Nc2 Nxg5 0-1

[Event "Early-Titled-Tuesday-Blitz-September-26-2023"]
[Site "Chess.com"]
[Date "2023.09.26"]
[Round "2"]
[White "Rainbow2014"]
[Black "Juicy_Fork"]
[Result "1-0"]
[WhiteElo "2323"]
[BlackElo "2490"]
[TimeControl "180+1"]
[EndTime "8:17:08 PDT"]
[Termination "Rainbow2014 won on time"]

1. e4 e5 2. Nf3 Nc6 3. Bb5 a6 4. Ba4 d6 5. c3 Bd7 6. d4 g6 7.
O-O Bg7 8. d5 Nce7 9. Bxd7+ Qxd7 10. c4 h6 11. Nc3 f5 12. b4 Nf6 13. c5 fxe4 14. Nd2 dxc5 15. Ndxe4 cxb4 16. Nxf6+ Bxf6 17. Ne4 Bg7 18. d6 Nf5 19. dxc7 Qxc7 20. Qa4+ Qc6 21. Qxb4 Bf8 22. Qe1 Be7 23. Bb2 O-O 24. Bxe5 Rae8 25. Rc1 Qe6 26. Bb2 Rf7 27. Qc3 Ng7 28. Rce1 Qc6 29.
Qxc6 bxc6 30. Rc1 Rc8 31. Rfd1 Bd8 32. Nd6 Rb8 33. Nxf7 Kxf7 34. Rd7+ Ke6 35. Rxg7 Rxb2 36. Rxg6+ Bf6 37. h4 1-0

[Event "Early-Titled-Tuesday-Blitz-September-26-2023"]
[Site "Chess.com"]
[Date "2023.09.26"]
[Round "2"]
[White "Honiex"]
[Black "Evgeny81"]
[Result "1-0"]
[WhiteElo "2581"]
[BlackElo "2747"]
[TimeControl "180+1"]
[EndTime "8:17:10 PDT"]
[Termination "Honiex won by resignation"]

1. e4 c5 2. Nf3 Nc6 3. Bb5 g6 4.
O-O Bg7 5. Re1 Nf6 6. e5 Nd5 7. Nc3 Nc7 8. Bxc6 dxc6 9. h3 O-O 10. d3 b6 11. Bf4 Ne6 12. Bg3 Nd4 13. Ne4 Bf5 14. c3 Bxe4 15. Rxe4 Ne6 16. Qe2 Qd5 17.
Rd1 Qxa2 18. h4 h5 19. Ng5 Nxg5 20. hxg5 Qe6 21. Bh2 Rad8 22. g4 hxg4 23. Rxg4 Rd5 24. Re4 Rfd8 25. Kg2 Qd7 26. e6 Rxg5+ 27. Bg3 fxe6 28.
Rxe6 Qd5+ 29. Re4 Bf6 30. c4 Qf5 31. Rh1 Rh5 32. Rf4 Qe5 33. Re4 Qxb2 34. Qg4 Rxh1 35.
Qxg6+ Bg7 36. Be5 Rh7 37. Bxb2 1-0